 Dungeon Crawl Stone Soup version 0.30-a0-757-ga6a79fd877 (webtiles) character file.

Game seed: 17128377229925181347

844 CowFu the Poker (level 8, -9/63 HPs)
             Began as a Gnoll Reaver on Feb 10, 2023.
             Was a Believer of the Shining One.
             Mangled by Duvessa
             ... wielding a +0 short sword
              (15 damage)
             ... on level 4 of the Dungeon.
             The game lasted 00:07:30 (3461 turns).

CowFu the Poker (Gnoll Reaver)                      Turns: 3461, Time: 00:07:30

Health: -9/63      AC: 10    Str: 13    XL:     8   Next: 0%
Magic:  14/16      EV: 13    Int: 14    God:    the Shining One [**....]
Gold:   170        SH:  0    Dex: 10    Spells: 15/18 levels left

rFire   . . .      SeeInvis .    a - +0 spear (protect)
rCold   . . .      Faith    .    (no shield)
rNeg    + . .      Spirit   .    b - +0 leather armour
rPois   .          Reflect  .    (no helmet)
rElec   .          Harm     .    (no cloak)
rCorr   .          Rampage  .    (no gloves)
Will    .....                    (no boots)
Stlth   +                        (no amulet)
HPRegen 0.30/turn                (no ring)
MPRegen 0.15/turn                (no ring)

@: under a protective aura, glowing
A: fangs 1, strong nose, distributed training
a: Renounce Religion, Divine Shield


You were on level 4 of the Dungeon.
You worshipped the Shining One.
The Shining One was pleased with you.
You visited 1 branch of the dungeon, and saw 4 of its levels.

You collected 170 gold pieces.

Inventory:

Hand Weapons
 a - a +0 spear of protection (weapon)
Armour
 b - a +0 leather armour (worn)
Jewellery
 g - an amulet of reflection
Scrolls
 c - a scroll of identify
Potions
 d - a potion of attraction {unknown}
 e - 5 potions of curing
 f - a potion of brilliance {unknown}
 i - a potion of berserk rage {unknown}
 j - a potion of lignification {unknown}
 k - a potion of heal wounds {unknown}
 m - 2 potions of flight {unknown}


   Skills:
 + Level 5.5 Fighting
 + Level 3.0 Short Blades
 + Level 3.0 Long Blades
 + Level 3.0 Axes
 + Level 3.0 Maces & Flails
 + Level 7.2 Polearms
 + Level 3.0 Staves
 + Level 3.0 Ranged Weapons
 + Level 3.0 Throwing
 + Level 3.0 Armour
 + Level 5.5 Dodging
 + Level 3.0 Stealth
 + Level 3.0 Shields
 + Level 3.0 Unarmed Combat
 + Level 5.8 Spellcasting
 + Level 6.0 Conjurations
 + Level 2.4 Hexes
 + Level 2.4 Summonings
 + Level 2.4 Necromancy
 + Level 2.4 Translocations
 + Level 2.4 Transmutations
 + Level 2.4 Fire Magic
 + Level 2.4 Ice Magic
 + Level 2.4 Air Magic
 + Level 2.4 Earth Magic
 + Level 2.4 Poison Magic
 + Level 3.2 Invocations
 + Level 3.0 Evocations


You had 15 spell levels left.
You knew the following spells:

 Your Spells              Type           Power      Damage    Failure   Level
a - Kiss of Death         Conj/Necr      60%        2d10      3%          1
b - Momentum Strike       Conj/Tloc      30%        3d8       5%          2

Your spell library contained the following spells:

 Spells                   Type           Power      Damage    Failure   Level
 Hailstorm                Conj/Ice       15%        3d5       11%         3
 Blink                    Tloc           20%        N/A       12%         2
 Lesser Beckoning         Tloc           20%        N/A       12%         2
 Scorch                   Fire           20%        2d6       12%         2
 Gell's Gravitas          Tloc           10%        N/A       22%         3
 Teleport Other           Tloc           10%        N/A       22%         3
 Flame Wave               Conj/Fire      15%        2d7       34%         4
 Manifold Assault         Tloc           10%        N/A       58%         4
 Summon Forest            Summ/Tloc      5%         N/A       91%         5
 Summon Mana Viper        Hex/Summ       10%        N/A       91%         5
 Summon Cactus Giant      Summ           5%         N/A       100%        6
 Storm Form               Tmut/Air       5%         N/A       100%        7


Dungeon Overview and Level Annotations

Branches:
Dungeon (4/15)
 Temple: D:4-7

Altars:
Ashenzari
The Shining One

Shops:
D:4 *

Annotations:
D:4 Duvessa


Innate Abilities, Weirdness & Mutations

You have very sharp teeth.
Your uncanny sense of smell can sniff out nearby items.
Your experience applies equally to all skills.


Message History

Duvessa is heavily wounded.
You are unable to move.
Casting: Momentum Strike (safe; 5% risk of failure)
Confirm with . or Enter, or press ? or * to list all spells.
You cannot redirect your momentum while unable to move.
Unknown command.
You reach to attack!
You hit Duvessa but do no damage.
Your weapon exudes an aura of protection.
Duvessa is heavily wounded.
Duvessa misses you.
You hit Duvessa but do no damage.
Duvessa is heavily wounded.
Duvessa barely misses you.
You hit Duvessa. You bite Duvessa.
Duvessa is heavily wounded.
Duvessa closely misses you.
Casting: Momentum Strike (safe; 5% risk of failure)
Confirm with . or Enter, or press ? or * to list all spells.
You cannot redirect your momentum while unable to move.
Unknown command.
Duvessa hits you but does no damage.
You hit Duvessa but do no damage.
Duvessa is heavily wounded.
Duvessa hits you with a +0 short sword! Duvessa hits you with a +0 short sword.
You are too injured to fight recklessly!
You are too injured to fight recklessly!
You are too injured to fight recklessly!
You hit Duvessa but do no damage.
Duvessa is heavily wounded.
Duvessa hits you with a +0 short sword.
* * * LOW HITPOINT WARNING * * *
You hit Duvessa but do no damage. Your bite misses Duvessa.
Duvessa is heavily wounded.
Duvessa hits you with a +0 short sword!
* * * LOW HITPOINT WARNING * * *
You hit Duvessa.
Duvessa is heavily wounded.
You are no longer robbed of momentum.
Duvessa hits you with a +0 short sword!
You die...

##### ##...#####
###.........
##...........
##########...#####..e.
#....@e....### #####
###......### ####..##
####


You could see Duvessa (berserk).

Vanquished Creatures
  Sigmund (D:2)
  Menkaure (D:4)
  An ogre (D:3)
  A phantom (D:4)
  A scorpion (D:4)
  Dowan (D:4)
  2 hounds (D:4)
  2 iguanas (D:4)
  Natasha (thrice) (D:3)
  An orc wizard (D:4)
  An adder (D:4)
  A worm (D:2)
  4 dart slugs
  4 orcs
  4 endoplasms
  4 giant cockroaches
  6 goblins
  8 hobgoblins
  2 jackals (D:1)
  3 kobolds
  3 quokkas
  8 ball pythons
  7 bats
  4 frilled lizards
  5 rats
78 creatures vanquished.

Notes
Turn   | Place    | Note
-------+----------+-------------------------------------------
     0 | D:1      | CowFu the Gnoll Reaver began the quest for the Orb.
     0 | D:1      | Reached XP level 1. HP: 20/20 MP: 6/6
   307 | D:1      | Reached XP level 2. HP: 24/24 MP: 7/7
   737 | D:1      | Reached skill level 5 in Spellcasting
   737 | D:1      | Reached XP level 3. HP: 31/31 MP: 7/9
   906 | D:2      | Reached skill level 1 in Invocations
  1123 | D:2      | Noticed Sigmund
  1352 | D:2      | Killed Sigmund
  1353 | D:2      | Reached skill level 1 in Short Blades
  1353 | D:2      | Reached skill level 1 in Long Blades
  1353 | D:2      | Reached skill level 1 in Axes
  1353 | D:2      | Reached skill level 1 in Maces & Flails
  1353 | D:2      | Reached skill level 1 in Staves
  1353 | D:2      | Reached skill level 1 in Ranged Weapons
  1353 | D:2      | Reached skill level 1 in Throwing
  1353 | D:2      | Reached skill level 1 in Armour
  1353 | D:2      | Reached skill level 1 in Stealth
  1353 | D:2      | Reached skill level 1 in Shields
  1353 | D:2      | Reached skill level 1 in Unarmed Combat
  1353 | D:2      | Reached skill level 1 in Hexes
  1353 | D:2      | Reached skill level 1 in Summonings
  1353 | D:2      | Reached skill level 1 in Necromancy
  1353 | D:2      | Reached skill level 1 in Translocations
  1353 | D:2      | Reached skill level 1 in Transmutations
  1353 | D:2      | Reached skill level 1 in Fire Magic
  1353 | D:2      | Reached skill level 1 in Ice Magic
  1353 | D:2      | Reached skill level 1 in Air Magic
  1353 | D:2      | Reached skill level 1 in Earth Magic
  1353 | D:2      | Reached skill level 1 in Poison Magic
  1353 | D:2      | Reached skill level 1 in Evocations
  1353 | D:2      | Reached XP level 4. HP: 10/38 MP: 4/11
  1353 | D:2      | Reached XP level 5. HP: 11/43 MP: 4/12
  1656 | D:2      | Found a faded altar of an unknown god.
  1666 | D:2      | Prayed at the altar of an unknown god.
  1666 | D:2      | Became a worshipper of the Shining One
  1666 | D:2      | Reached * piety under the Shining One
  2045 | D:3      | Noticed Natasha
  2052 | D:3      | Killed Natasha
  2053 | D:3      | Reached XP level 6. HP: 40/50 MP: 14/14
  2162 | D:3      | Noticed Natasha
  2181 | D:3      | Killed Natasha
  2182 | D:3      | Reached skill level 5 in Fighting
  2182 | D:3      | Reached skill level 5 in Dodging
  2185 | D:3      | Learned a level 2 spell: Momentum Strike
  2218 | D:3      | Noticed Natasha
  2228 | D:3      | Killed Natasha
  2861 | D:4      | Reached ** piety under the Shining One
  2862 | D:4      | Reached skill level 7 in Polearms
  2862 | D:4      | Reached XP level 7. HP: 37/56 MP: 15/15
  3012 | D:4      | Found a broken altar of Ashenzari.
  3032 | D:4      | Found Rotempam's CLEARANCE SALE!.
  3292 | D:4      | Noticed Menkaure
  3305 | D:4      | Killed Menkaure
  3381 | D:4      | Noticed Dowan
  3382 | D:4      | Noticed Duvessa
  3441 | D:4      | Killed Dowan
  3442 | D:4      | Reached XP level 8. HP: 27/63 MP: 13/16
  3461 | D:4      | Mangled by Duvessa

Illustrated notes

Levels and vault maps discovered:
D:1:      minmay_arrival_semitransparent, layout_loops_ring
D:2:      layout_basic, ebering_ecumenical_altar_box, uniq_sigmund
D:3:      layout_basic, due_unseen_surprise, uniq_natasha
D:4:      layout_layer_cave, mainiacjoe_overflow_paths, nicolae_shop_clearance,
          uniq_duvessa, uniq_menkaure, uniq_robin

Skill      XL: |  1  2  3  4  5  6  7 |
---------------+----------------------+-----
Spellcasting   | 5 |  5.8
Invocations    | 2 3 |  3.2
Short Blades   | 1 2 3 |  3.0
Long Blades    | 1 2 3 |  3.0
Axes           | 1 2 3 |  3.0
Maces & Flails | 1 2 3 |  3.0
Staves         | 1 2 3 |  3.0
Ranged Weapons | 1 2 3 |  3.0
Throwing       | 1 2 3 |  3.0
Armour         | 1 2 3 |  3.0
Stealth        | 1 2 3 |  3.0
Shields        | 1 2 3 |  3.0
Unarmed Combat | 1 2 3 |  3.0
Hexes          | 1 2 |  2.4
Summonings     | 1 2 |  2.4
Necromancy     | 1 2 |  2.4
Translocations | 1 2 |  2.4
Transmutations | 1 2 |  2.4
Fire Magic     | 1 2 |  2.4
Ice Magic      | 1 2 |  2.4
Air Magic      | 1 2 |  2.4
Earth Magic    | 1 2 |  2.4
Poison Magic   | 1 2 |  2.4
Evocations     | 1 2 3 |  3.0
Fighting       | 5 |  5.5
Dodging        | 5 |  5.5
Polearms       | 7 |  7.2
Conjurations   | 6 |  6.0

Action                     |  1- 3 |  4- 6 |  7- 9 || total
---------------------------+-------+-------+-------++-------
  Melee: Spear             |   112 |   134 |    85 ||   331
         Bite              |    14 |     9 |    16 ||    39
         Punch             |     2 |     2 |     6 ||    10
   Cast: Kiss of Death     |     5 |       |       ||     5
         Momentum Strike   |       |     7 |     5 ||    12
    Use: Scroll            |       |     7 |     1 ||     8
 Armour: Leather armour    |    14 |    46 |    13 ||    73
  Dodge: Dodged            |    57 |    67 |    42 ||   166

Table legend: (Time is in decaauts)
 A = Elapsed time spent in this place.
 B = Non-inter-level travel time spent in this place.
 C = Inter-level travel time spent in this place.
 D = Time resting spent in this place.
 E = Time spent auto-exploring this place.
 F = Levels seen in this place.
 G = Mean time per level.
                   A        B        C        D        E       F      G
               +--------+--------+--------+--------+--------+-----+--------+
         Total |   3393 |   3302 |     91 |    100 |   2570 |   4 |  848.2 |
       Dungeon |   3393 |   3302 |     91 |    100 |   2570 |   4 |  848.2 |
               +--------+--------+--------+--------+--------+-----+--------+

Top non-repeatable levels by time:
     D:1: 986 daAuts
     D:2: 849 daAuts
     D:4: 786 daAuts
     D:3: 770 daAuts
